 Dungeon Crawl Stone Soup version 0.27.0-1-g7a089689b8 (webtiles) character file.

Game seed: 9538161000398065239

5149 avis the Martial Artist (level 10, -2/66 HPs)
             Began as an Octopode Transmuter on Aug 3, 2021.
             Was an Initiate of Gozag.
             Succumbed to AlmostDecent's ghost's poison
             ... on level 6 of the Dungeon.
             The game lasted 01:00:03 (10735 turns).

avis the Martial Artist (Octopode Transmuter)      Turns: 10735, Time: 01:00:04

Health: -2/66      AC:  2    Str: 12    XL:     10   Next: 59%
Magic:  15/16      EV: 26    Int: 15    God:    Gozag
Gold:   129        SH:  0    Dex: 19    Spells: 7/17 levels left

rFire    . . .     SeeInvis .     - Unarmed
rCold    . . .     Faith    .   (shield currently unavailable)
rNeg     + . .     Spirit   .   (helmet currently unavailable)
rPois    x         Reflect  .   (no amulet)
rElec    .         Harm     .   o - +4 ring of evasion
rCorr    .         Rampage  .   A - ring of positive energy
Will     .....                  (no ring)
Stlth    +++.......             (no ring)
HPRegen  0.21/turn              (no ring)
MPRegen  0.15/turn              (no ring)
                                (no ring)
                                (no ring)

@: lethally poisoned (-2 -> -29), spider-form (expiring)
A: venomous fangs, almost no armour, (amphibious), 8 rings, tiny, (camouflage
1), (gelatinous body 1), (nimble swimmer 1), (tentacles)
a: End Transformation, Renounce Religion, Potion Petition, Call Merchant, Bribe
Branch


You were on level 6 of the Dungeon.
You worshipped Gozag.
Gozag was aware of your devotion.
You were a venomous arachnid creature.
You visited 2 branches of the dungeon, and saw 9 of its levels.

You collected 589 gold pieces.
You spent 310 gold pieces at shops.
You paid 150 gold pieces to Gozag.

Inventory:

Hand Weapons
 b - a +0 hunting sling
 w - a +0 dagger of venom
 z - a +0 shortbow
 D - a +2 glaive of protection
 E - a +2 dire flail of holy wrath
Missiles
 a - 29 arrows
 h - 57 sling bullets
 i - 270 stones
 q - 8 boomerangs
 u - 35 poisoned darts
Jewellery
 o - a +4 ring of evasion (left front leg)
 A - a ring of positive energy (right front leg)
Wands
 j - a wand of acid (5)
 F - a wand of polymorph (8)
Scrolls
 c - 4 scrolls of fog
 e - 2 scrolls of magic mapping
 g - 4 scrolls of blinking
 k - 4 scrolls of teleportation
 B - a scroll of brand weapon {unknown}
Potions
 d - 5 potions of haste
 f - 2 potions of brilliance
 t - a potion of lignification
 v - 2 potions of curing
 C - a potion of heal wounds
 G - a potion of flight


   Skills:
 - Level 5.0 Fighting
 - Level 5.0 Dodging
 - Level 3.0 Stealth
 * Level 11.1 Unarmed Combat
 - Level 4.0 Spellcasting
 - Level 6.0 Transmutations
 - Level 4.0 Ice Magic
 - Level 2.0 Poison Magic


You had 7 spell levels left.
You knew the following spells:

 Your Spells              Type           Power      Damage    Failure   Level
a - Beastly Appendage     Tmut           42%        N/A       7%          1
l - Passwall              Tmut/Erth      10%        N/A       21%         2
p - Spider Form           Tmut/Pois      7%         N/A       26%         3
q - Ice Form              Ice/Tmut       18%        N/A       43%         4

Your spell library contained the following spells:

 Spells                   Type           Power      Damage    Failure   Level
 Wereblood                Tmut           21%        N/A       9%          2
 Animate Skeleton         Necr           6%         N/A       38%         1
 Apportation              Tloc           6%         N/A       38%         1
 Corona                   Hex            3%         N/A       38%         1
 Sandblast                Erth           6%         2d5       38%         1
 Summon Small Mammal      Summ           12%        N/A       38%         1
 Ignite Poison            Fire/Tmut/Pois 10%        N/A       38%         3
 Slow                     Hex            3%         N/A       47%         2
 Mephitic Cloud           Conj/Pois/Air  4%         N/A       61%         3
 Confusing Touch          Hex            3%         N/A       69%         3
 Yara's Violent Unravell  Hex/Tmut       6%         3d5       93%         5
 Bolt of Magma            Conj/Fire/Erth 1%         4d4       100%        5
 Lee's Rapid Deconstruct  Erth           1%         3d5*      100%        5


Dungeon Overview and Level Annotations

Branches:
Dungeon (8/15)             Temple (1/1) D:4
   Lair: D:8-11

Altars:
Cheibriados
Dithmenos
Elyvilon
Fedhas
Gozag
Hepliaklqana
Makhleb
Nemelex Xobeh
Okawaru
Qazlal
Ru
Sif Muna
Trog
Uskayaw
Vehumet
Xom
Yredelemnul
Zin

Shops:
D:3 =   D:5 [   D:6 ?

Annotations:
D:6 AlmostDecent's ghost, novice MiBe


Innate Abilities, Weirdness & Mutations

You are a venomous arachnid creature.
You have poisonous fangs.
You are tiny and dextrous.
Your spellcasting is less reliable in this form.
Your armour is entirely melded.
You are incapable of wielding weapons or throwing items.
You cannot wear most types of armour.
((You are amphibious.))
You can wear up to eight rings at the same time.
((Your skin changes colour to match your surroundings (Stealth+).))
((Your rubbery body absorbs attacks. (AC +1, EV +1)))
((You are camouflaged near water. (Stealth+)))
((You have tentacles for arms and can constrict up to eight enemies at once.))


Message History

AlmostDecent's ghost is lightly damaged.
AlmostDecent's ghost completely misses you.
You barely miss AlmostDecent's ghost.
AlmostDecent's ghost is lightly damaged.
AlmostDecent's ghost closely misses you.
You hit AlmostDecent's ghost.
AlmostDecent's ghost is lightly damaged.
AlmostDecent's ghost barely misses you.
You hit AlmostDecent's ghost.
AlmostDecent's ghost is lightly damaged.
AlmostDecent's ghost hits you!
You are poisoned.
You hit AlmostDecent's ghost but do no damage.
AlmostDecent's ghost is lightly damaged.
Your transformation is almost over.
You feel extremely sick.
You barely miss AlmostDecent's ghost.
AlmostDecent's ghost is lightly damaged.
You feel very sick. AlmostDecent's ghost misses you.
You bite AlmostDecent's ghost!
AlmostDecent's ghost is moderately damaged.
You feel very sick. AlmostDecent's ghost barely misses you.
You bite AlmostDecent's ghost!
AlmostDecent's ghost is moderately damaged.
You feel very sick. AlmostDecent's ghost hits you.
You are lethally poisoned!
You hit AlmostDecent's ghost but do no damage.
AlmostDecent's ghost is moderately damaged.
* * * LOW HITPOINT WARNING * * *
You feel extremely sick. AlmostDecent's ghost misses you.
* * * LOW HITPOINT WARNING * * *
You feel extremely sick.
AlmostDecent's ghost completely misses you.
You climb upwards.
You die...
Your body crumbles into a pile of gold.

#.......###.....###..
#....#####......##...
##...................
##.#............#.#..
#..............####..
#...##...............
#####............#.....
##....W.........###.....
#..###.s.......## #.#...
##.## #####......###.#...
#..# ######......##..##..
#..# #...##...........###
#..# #._.##.....#.#......
#..# #...##....#####.....
#..####..##....# ##......
#...##...##....###.......
#........##.....#........


You could see AlmostDecent's ghost.

Vanquished Creatures
  A hydra (D:7)
  A hornet (D:7)
  A slime creature (D:7)
  Sigmund (D:2)
  A shadow (D:7)
  Edmund (D:6)
  3 water moccasins
  2 orc warriors (D:7)
  A hornet zombie (D:6)
  4 ice beasts
  5 ogres
  A necrophage (D:6)
  3 sky beasts
  A centaur (D:5)
  4 phantoms
  6 bullfrogs
  2 scorpions
  A water moccasin skeleton (D:5)
  2 howler monkeys (D:7)
  A centaur zombie (D:5)
  2 orc priests
  A bullfrog skeleton (D:5)
  3 hounds
  3 jellies
  A centaur skeleton (D:7)
  Terence (D:2)
  4 iguanas
  Natasha (thrice) (D:2)
  4 orc wizards
  2 killer bee zombies
  4 howler monkey skeletons
  6 adders
  A shadow imp (D:5)
  2 white imps (D:6)
  An ufetubus (D:4)
  3 dart slugs
  6 orcs
  6 endoplasms
  4 giant cockroaches
  2 hobgoblins
  6 jackals
  5 quokkas
  6 ball pythons
  A bat (D:2)
  4 frilled lizards
  2 goblins (D:1)
  7 kobolds
  4 rats
136 creatures vanquished.

Notes
Turn   | Place    | Note
-------+----------+-------------------------------------------
     0 | D:1      | avis the Octopode Transmuter began the quest for the Orb.
     0 | D:1      | Reached XP level 1. HP: 13/13 MP: 3/3
    90 | D:1      | Reached skill level 1 in Stealth
   235 | D:1      | Found a faded altar of an unknown god.
   257 | D:1      | Reached XP level 2. HP: 15/18 MP: 3/5
  1031 | D:2      | Reached skill level 1 in Poison Magic
  1126 | D:2      | Reached XP level 3. HP: 24/24 MP: 6/6
  1157 | D:2      | Learned a level 3 spell: Spider Form
  1751 | D:2      | Reached XP level 4. HP: 29/29 MP: 3/7
  1875 | D:2      | Noticed Natasha
  1881 | D:2      | HP: 1/29 [Natasha/magic dart (7)]
  1883 | D:2      | Killed Natasha
  1884 | D:2      | Reached skill level 4 in Unarmed Combat
  2244 | D:2      | Noticed Natasha
  2248 | D:2      | Noticed Terence
  2279 | D:2      | Killed Natasha
  2283 | D:2      | Killed Terence
  2284 | D:2      | Reached XP level 5. HP: 17/36 MP: 2/8
  2461 | D:2      | Noticed Sigmund
  2477 | D:2      | Killed Sigmund
  2478 | D:2      | Reached skill level 5 in Unarmed Combat
  2478 | D:2      | Reached XP level 6. HP: 41/43 MP: 6/9
  2748 | D:2      | Noticed Natasha
  2757 | D:2      | Killed Natasha
  2981 | D:3      | Found a hide-covered altar of Uskayaw.
  3311 | D:3      | Found Eja Usko's Jewellery Shop.
  3434 | D:3      | Found a shadowy altar of Dithmenos.
  3455 | D:4      | Found a shimmering blue altar of Sif Muna.
  3905 | D:4      | Reached skill level 6 in Unarmed Combat
  3905 | D:4      | Reached XP level 7. HP: 37/48 MP: 6/10
  4275 | D:4      | Found a staircase to the Ecumenical Temple.
  4284 | Temple   | Entered the Ecumenical Temple
  4674 | D:5      | Entered Level 5 of the Dungeon
  4678 | D:5      | Found Fotseten's Armour Shoppe.
  5178 | D:5      | Reached skill level 7 in Unarmed Combat
  5504 | D:5      | Reached XP level 8. HP: 36/54 MP: 6/11
  5826 | D:5      | Reached skill level 5 in Fighting
  6017 | D:5      | Reached skill level 8 in Unarmed Combat
  6472 | D:5      | Found an iron altar of Okawaru.
  6628 | D:6      | Found Vuferiamawu's Magic Scroll Shoppe.
  6655 | D:6      | Reached skill level 5 in Dodging
  6732 | D:6      | Found a glowing silver altar of Zin.
  6780 | D:6      | Learned a level 4 spell: Ice Form
  6783 | D:6      | Learned a level 2 spell: Passwall
  6873 | D:6      | Reached XP level 9. HP: 36/61 MP: 8/12
  7469 | D:6      | Found a hazy altar of Hepliaklqana.
  7532 | D:6      | Noticed Edmund
  7542 | D:6      | Killed Edmund
  7884 | D:7      | Reached skill level 9 in Unarmed Combat
  8000 | D:7      | Reached skill level 5 in Transmutations
  8273 | D:7      | Reached skill level 10 in Unarmed Combat
  8309 | D:7      | Reached XP level 10. HP: 65/66 MP: 9/13
  8999 | D:7      | Found a shimmering altar of Xom.
  9068 | D:7      | Found an opulent altar of Gozag.
  9079 | D:7      | Became a worshipper of Gozag Ym Sagoz the Greedy
  9087 | D:7      | Noticed a seven-headed hydra
  9159 | D:7      | HP: 3/79 [seven-headed hydra (9)]
  9160 | D:7      | Killed a seven-headed hydra
  9161 | D:7      | Reached skill level 11 in Unarmed Combat
  9665 | D:6      | Bought a scroll of noise for 10 gold pieces
  9667 | D:6      | Bought a scroll of teleportation for 30 gold pieces
  9667 | D:6      | Bought a scroll of amnesia for 35 gold pieces
  9667 | D:6      | Bought a scroll of blinking for 75 gold pieces
  9667 | D:6      | Bought 3 scrolls of fog for 60 gold pieces
  9667 | D:6      | Bought 3 scrolls of identify for 60 gold pieces
  9667 | D:6      | Bought a scroll of identify for 20 gold pieces
  9667 | D:6      | Bought a scroll of identify for 20 gold pieces
 10154 | D:8      | Found a runed translucent door.
 10155 | D:8      | Noticed AlmostDecent's ghost (novice MiBe)
 10416 | D:7      | HP: 3/79 [poisoned by AlmostDecent's ghost]
 10735 | D:6      | Succumbed to AlmostDecent's ghost's poison

Illustrated notes

Levels and vault maps discovered:
D:1:      elethiomel_arrival_quiet, layout_basic, ebering_ecumenical_altar_mist,
          minivault_4, minmay_misc_feat_chi
D:2:      layout_loops_corners, nrook_mini_vaults, uniq_natasha, uniq_terence,
          uniq_sigmund
D:3:      layout_rooms, nicolae_uskayaw_murder_on_the_dancefloor,
          grunt_dithmenos_smoke, serial_shops, nicolae_lakefront_shop
D:4:      layout_basic, amcnicky_altar_gilded, minmay_temple_entry_junction
D:5:      layout_basic, lemuel_crystal_altar, serial_shops,
          nicolae_shop_temple_entry_statues_fountains
D:6:      layout_cave_pools, zin_academy, nicolae_hepliaklqana_hippocampus,
          serial_shops, nicolae_stop_n_shop_2, uniq_edmund
D:7:      hangedman_cross_stitches, layout_gridville, kennysheep_mini,
          nicolae_gozag_cash_rules_everything_around_me, minmay_crossroads
D:8:      layout_cave_pools, nicolae_overflow_hidden_temple,
          mainiacjoe_overflow_alcove_1, serial_shops, shop_scrolls,
          ebering_ghost_inner_flame, uniq_joseph
Temple:   zaba_magenta_temple

Skill      XL: |  1  2  3  4  5  6  7  8  9 10 |
---------------+-------------------------------+-----
Stealth        | 2 3 |  3.0
Fighting       | 2 3 4 5 |  5.0
Poison Magic   | 1 2 |  2.0
Unarmed Combat | 4 5 6 7 8 10 11 | 11.1
Dodging        | 3 5 |  5.0
Transmutations | 4 5 6 |  6.0
Ice Magic      | 2 4 |  4.0
Spellcasting   | 4 |  4.0

Action                   |  1- 3 |  4- 6 |  7- 9 | 10-12 || total
-------------------------+-------+-------+-------+-------++-------
Melee: Unarmed           |    47 |    57 |   267 |    89 ||   460
       Constrict         |    10 |     1 |     2 |     2 ||    15
       Kick              |     8 |     1 |       |       ||     9
       Tentacles         |     8 |       |     2 |     3 ||    13
       Punch             |       |       |     1 |     2 ||     3
       Glaive            |       |       |       |     6 ||     6
 Fire: Hunting sling     |    38 |    13 |       |       ||    51
 Cast: Beastly Appendage |    20 |     4 |       |       ||    24
       Spider Form       |     2 |    16 |    48 |    16 ||    82
       Ice Form          |       |       |     2 |     2 ||     4
  Use: Scroll            |       |       |     5 |     8 ||    13
       Potion            |       |       |     1 |       ||     1
 Stab: Sleeping          |     2 |     3 |     9 |       ||    14
       Distracted        |       |       |     1 |       ||     1
Armor: Skin              |     4 |     3 |     9 |     7 ||    23
Dodge: Dodged            |    26 |    48 |   204 |    75 ||   353
